 Dungeon Crawl Stone Soup version 0.15-a0-1788-ga796aff (webtiles) character file.

12 Econoterrorist the Ruffian (level 2, -1/25 HPs)
             Began as a Naga Transmuter on June 29, 2014.
             Slain by a hobgoblin
             ... wielding a +0 spear
              (5 damage)
             ... on Level 1 of the Dungeon.
             The game lasted 00:02:22 (618 turns).

Econoterrorist the Ruffian (Naga Transmuter)         Turns: 618, Time: 00:02:22

HP  -1/25        AC  1     Str 12      XL: 2   Next: 33%
MP   3/4         EV 10     Int 13      God:
Gold 19          SH  0     Dex 11      Spells:  1 memorised,  4 levels left

rFire  . . .     SeeInvis +       - Unarmed
rCold  . . .     Clarity  .     h - +0 robe (curse)
rNeg   . . .     rCorr    .     (no shield)
rPois  +         rRot     .     (helmet restricted)
rElec  .         Spirit   .     (no cloak)
SustAb .         Warding  .     (no gloves)
rMut   .         Stasis   .     (no barding)
Gourm  .                        (no amulet)
MR     .....                    (no ring)
                                (no ring)

@: appendage (expiring), very slow, not resistant to hostile enchantments, very
unstealthy
A: spit poison, horns 2, see invisible, deformed body, poison resistance,
slowness 2
a: Spit Poison, End Transformation


You were on level 1 of the Dungeon.
You were not hungry.
You had grown temporary horns.
You visited 1 branch of the dungeon, and saw 1 of its levels.

You collected 19 gold pieces.

Inventory:

Missiles
 b - 12 arrows
Armour
 c - a +2 leather armour of fire resistance
 h - a cursed +0 robe (worn)
Comestibles
 a - a bread ration
 g - a slice of pizza
Books
 d - a book of Changes

   Spells                             Type                      Level
   *Beastly Appendage                 Transmutation                1
   Sticks to Snakes                   Transmutation                2
   Spider Form                        Transmutation/Poison         3
   Ice Form                           Ice/Transmutation            4
   Blade Hands                        Transmutation                5


   Skills:
 - Level 1.0 Fighting
 - Level 1.5 Dodging
 + Level 3.7 Unarmed Combat
 - Level 2.0 Spellcasting
 - Level 2.0 Transmutations


You had 4 spell levels left.
You knew the following spells:

 Your Spells              Type           Power        Failure   Level  Hunger
a - Beastly Appendage     Trmt           #.....       12%         1    ##.....


Dungeon Overview and Level Annotations

Branches:
Dungeon (1/15)

Altars:


Innate Abilities, Weirdness & Mutations

You cannot wear boots.
You can spit poison.
You have supernaturally acute eyesight.
Armour fits poorly on your strangely shaped body.
Your system is resistant to poisons.
You cover ground very slowly.
You have a pair of horns on your head.


Message History

You start resting.
A bat comes into view.
A giant gecko and a hobgoblin come into view.
Casting: Beastly Appendage
Confirm with . or Enter, or press ? or * to list all spells.
You grow a pair of large bovine horns.
Your transformation is almost over.
You closely miss the giant gecko. The giant gecko barely misses you.
You barely miss the giant gecko. The bat hits you.
The giant gecko barely misses you. The giant gecko bites you.
You barely miss the giant gecko. The bat misses you. The giant gecko bites you.
* * * LOW HITPOINT WARNING * * *
The hobgoblin completely misses you. The bat barely misses you.
The bat closely misses you. The bat hits you.
* * * LOW HITPOINT WARNING * * *
The hobgoblin barely misses you. The bat hits you but does no damage.
You hit the hobgoblin but do no damage. The bat hits you.
* * * LOW HITPOINT WARNING * * *
The giant gecko barely misses you. The hobgoblin hits you with a spear.
You die...

....## ......# ......
....# .... ..# #####
+#####.# #... ..#
......#l#####.#####...
###...b.@)%%).........
##...###g#####.######.# ##
#...>.................##..
#........#.....#####...#.#
#..............# #......
#.......####...# #......
##+#...........######.....
#####.####..#.....%....
#...###..#......≈≈≈≈


You could see a giant gecko, a hobgoblin and a bat.

Vanquished Creatures
  2 giant geckos (D:1)
  A goblin (D:1)
  A hobgoblin (D:1)
  2 kobolds (D:1)
  A giant newt (D:1)
  3 rats (D:1)
10 creatures vanquished.

Notes
Turn   | Place    | Note
--------------------------------------------------------------
     0 | D:1      | Econoterrorist, the Naga Transmuter, began the quest for the Orb.
     0 | D:1      | Reached XP level 1. HP: 18/18 MP: 3/3
   414 | D:1      | Reached XP level 2. HP: 16/25 MP: 1/4
   618 | D:1      | Slain by a hobgoblin

Action                   || total
-------------------------++-------
Melee: Unarmed           ||    40
 Cast: Beastly Appendage ||     8
  Use: Scroll            ||     3
